[ AOE2 MATCH · #479250810 ]
Team RMMongols vs Spanish
[ REPLAY ANALYSIS · EXTRACTED FROM THE RECORDED GAME ]
Feudal
—
Castle
—
Imperial
—
| APM avg | 12.1 |
| APM peak | 21 |
| eAPM avg | 10.5 |
| Villagers / military | 16 / 0 |
Focus
⚔️ 19.5% · 🌾 80.5%
Feudal
—
Castle
—
Imperial
—
| APM avg | 18.9 |
| APM peak | 26 |
| eAPM avg | 9.4 |
| Villagers / military | 9 / 0 |
Focus
⚔️ 0.0% · 🌾 100.0%
Feudal
—
Castle
—
Imperial
—
| APM avg | 27.6 |
| APM peak | 48 |
| eAPM avg | 6.3 |
| Villagers / military | 6 / 0 |
Focus
⚔️ 0.0% · 🌾 100.0%
Feudal
—
Castle
—
Imperial
—
| APM avg | 4.5 |
| APM peak | 19 |
| eAPM avg | 1.2 |
| Villagers / military | 0 / 0 |
Focus
⚔️ 0.0% · 🌾 100.0%
Feudal
—
Castle
—
Imperial
—
| APM avg | 6.3 |
| APM peak | 35 |
| eAPM avg | 1.7 |
| Villagers / military | 0 / 0 |
Focus
⚔️ 0.0% · 🌾 100.0%
Feudal
—
Castle
—
Imperial
—
| APM avg | 19.4 |
| APM peak | 41 |
| eAPM avg | 10.1 |
| Villagers / military | 10 / 0 |
Focus
⚔️ 0.0% · 🌾 100.0%
Feudal
—
Castle
—
Imperial
—
| APM avg | 15.5 |
| APM peak | 26 |
| eAPM avg | 3.7 |
| Villagers / military | 5 / 0 |
Focus
⚔️ 14.3% · 🌾 85.7%
Feudal
—
Castle
—
Imperial
—
| APM avg | 36.0 |
| APM peak | 67 |
| eAPM avg | 12.9 |
| Villagers / military | 7 / 0 |
Focus
⚔️ 7.7% · 🌾 92.3%
Match map
Initial resources + every placement click. Lines = walls · curves = elevation contours. ◆ gold · ⬟ stone · ● berries · ✦ relic · ◌ wall gap
Your base
Trupex's base
delartus's base
EweRwoRld's base
optional_cookie's base
[T41] Indian War Lord's base
Note1984's base
最高學府's base
Smoothed initial terrain · ◌ = detected wall gap · hover for details
Inputs per minute
— The Kraken - - Trupex
Build order — The Kraken
15 actions detected in the replay
| 0:30 | Build | Town Center |
| 2:34 | Build | House |
| 2:38 | Create | Villager (Male) ×4 |
| 2:39 | Create | Villager (Male) ×4 |
| 3:38 | Create | Villager (Male) |
| 4:25 | Create | Villager (Male) |
| 4:38 | Create | Villager (Male) |
| 4:38 | Create | Villager (Male) |
| 4:47 | Build | House |
| 4:50 | Build | House |
| 5:17 | Build | Lumber Camp |
| 5:18 | Create | Villager (Male) |
| 5:36 | Create | Villager (Male) |
| 5:36 | Create | Villager (Male) |
| 5:36 | Create | Villager (Male) |
Build order — Trupex
12 actions detected in the replay
| 0:10 | Build | House |
| 0:24 | Build | Town Center |
| 2:41 | Create | Villager (Male) |
| 2:41 | Create | Villager (Male) |
| 2:41 | Create | Villager (Male) |
| 2:42 | Create | Villager (Male) |
| 3:50 | Create | Villager (Male) |
| 4:26 | Build | House |
| 4:47 | Create | Villager (Male) |
| 5:00 | Create | Villager (Male) |
| 5:26 | Create | Villager (Male) |
| 5:37 | Create | Villager (Male) |
Build order — delartus
9 actions detected in the replay
| 1:04 | Build | Town Center |
| 2:18 | Build | House |
| 3:05 | Create | Villager (Male) |
| 3:05 | Create | Villager (Male) |
| 3:06 | Create | Villager (Male) |
| 3:06 | Create | Villager (Male) |
| 4:11 | Create | Villager (Male) |
| 4:51 | Build | House |
| 5:10 | Create | Villager (Male) |
Build order — EweRwoRld
2 actions detected in the replay
| 0:57 | Build | Town Center |
| 1:12 | Build | House |
Build order — optional_cookie
2 actions detected in the replay
| 0:25 | Build | Town Center |
| 0:34 | Build | House |
Build order — [T41] Indian War Lord
16 actions detected in the replay
| 0:10 | Build | Town Center |
| 1:40 | Build | Lumber Camp |
| 1:56 | Build | House |
| 2:19 | Create | Villager (Male) |
| 2:20 | Create | Villager (Male) |
| 2:20 | Create | Villager (Male) |
| 2:20 | Create | Villager (Male) |
| 2:23 | Build | House |
| 2:24 | Create | Villager (Male) |
| 3:38 | Build | Mill |
| 3:40 | Create | Villager (Male) |
| 3:59 | Create | Villager (Male) |
| 4:26 | Create | Villager (Male) |
| 4:46 | Create | Villager (Male) |
| 5:19 | Create | Villager (Male) |
| 5:35 | Build | House |
Build order — Note1984
8 actions detected in the replay
| 2:03 | Build | Town Center |
| 3:41 | Build | House |
| 3:43 | Build | House |
| 4:03 | Create | Villager (Male) |
| 4:03 | Create | Villager (Male) |
| 4:03 | Create | Villager (Male) |
| 4:04 | Create | Villager (Male) |
| 4:04 | Create | Villager (Male) |
Build order — 最高學府
14 actions detected in the replay
| 0:33 | Build | Town Center |
| 0:51 | Build | Town Center |
| 3:04 | Create | Villager (Male) |
| 3:04 | Create | Villager (Male) |
| 3:04 | Create | Villager (Male) |
| 3:04 | Create | Villager (Male) |
| 3:05 | Create | Villager (Male) |
| 3:13 | Build | House |
| 3:23 | Research | Loom |
| 4:23 | Build | House |
| 4:57 | Build | Mill |
| 5:30 | Create | Villager (Male) |
| 5:30 | Create | Villager (Male) |
| 5:42 | Build | House |
Match timeline
| 1:22 | optional_cookie · resign |
[ AI ANALYSIS · 1 CREDIT ]
What really happened in this match?
Wolo.gg analyzes every decision: build order, eco, micro, common mistakes by bracket. Personalized analysis on WhatsApp or Discord in 30 seconds.
Civ guide
Mongols
Map guide
African Clearing
Perfil
The Kraken